 Dungeon Crawl Stone Soup version 0.31.0-12-g77e489cdc1 (webtiles) character file.

Game seed: 10870102064856584194

2148 Curundu the Cleaver (level 9, 0/78 HPs)
             Began as a Minotaur Berserker on Mar 4, 2024.
             Was an Elder of Trog.
             Slain by Maurice
             ... wielding a +2 dagger of venom
              (3 damage)
             ... on level 7 of the Dungeon.
             The game lasted 00:19:46 (6340 turns).

Curundu the Cleaver (Minotaur Berserker)            Turns: 6340, Time: 00:19:47

Health: 0/78       AC: 18    Str: 27    XL:     9   Next: 9%
Magic:  4/8        EV:  9    Int:  4    God:    Trog [****..]
Gold:   0          SH:  0    Dex:  9    Spells: 8/8 levels left

rFire   . . .        n - +0 broad axe
rCold   . . .        (no shield)
rNeg    . . .        p - +0 plate armour
rPois   +            (helmet restricted)
rElec   .            r - +0 cloak
rCorr   .            q - +1 pair of gloves
SInv    .            y - +1 pair of boots
Will    .....        (no amulet) Stlth
                     c - ring of poison resistance
HPRegen 0.33/turn    (no ring)
MPRegen 0.11/turn

%: no passive effects
@: lethally poisoned (0 -> -2), on berserk cooldown, slowed, very slow
A: horns 2, retaliatory headbutt
a: Renounce Religion, Berserk, Trog's Hand, Brothers in Arms


You were on level 7 of the Dungeon.
You worshipped Trog.
Trog was greatly pleased with you.
You visited 1 branch of the dungeon, and saw 7 of its levels.
You also visited: Sewer.

Inventory:

Hand Weapons
 n - a +0 broad axe (weapon)
Missiles
 k - 5 boomerangs (quivered)
Armour
 p - a +0 plate armour (worn)
 q - a +1 pair of gloves (worn)
 r - a +0 cloak (worn)
 y - a +1 pair of boots (worn)
Jewellery
 c - a ring of poison resistance (left hand)
Wands
 b - a wand of flame (29)
 s - a wand of roots (3)
Scrolls
 e - a scroll of vulnerability
 g - 2 scrolls of identify
 h - 3 scrolls of teleportation
Potions
 f - 2 potions of heal wounds
 i - a potion of might
 j - 4 potions of resistance
 l - a potion of lignification
 m - a potion of haste
 o - 4 potions of curing


   Skills:
 + Level 6.4 Fighting
 + Level 9.5 Axes
 + Level 6.7 Armour
 * Level 5.7 Dodging
 + Level 0.3 Stealth
 * Level 4.8 Shields


You had 8 spell levels left.
You didn't know any spells.
Your spell library was empty.

Dungeon Overview and Level Annotations

Branches:
Dungeon (7/15)             Temple (0/1) D:4           Sewer (visited)

Altars:
Trog

Annotations:
D:7 Maurice


Innate Abilities, Weirdness & Mutations

You have a pair of horns on your head.
You reflexively headbutt those who attack you in melee.


Message History

You hit Maurice. You headbutt Maurice.
Maurice is almost dead.
You feel sick.
Maurice gestures wildly while chanting.
Maurice flickers and vanishes!
Deactivating autopickup; reactivate with Ctrl-A.
You closely miss something. Your headbutt misses something. You miss something.
You feel sick.
You hear some strange, mumbled words.
You feel sick.
You are no longer poisoned.
You miss something. Your headbutt misses something. Something hits you.
* * * LOW HITPOINT WARNING * * *
Something grunts, "Curses!"
Something bites you.
* * * LOW HITPOINT WARNING * * *
You feel your power leaking away. Something drains your magic.
You miss something.
You hear some strange, mumbled words.
You are no longer berserk.
You are exhausted.
You feel yourself slow down.
You start resting.
Something hits you.
* * * LOW HITPOINT WARNING * * *
Something mutters, "Now where did you hide it?"
Something bites you.
* * * LOW HITPOINT WARNING * * *
You feel your power leaking away. Something drains your magic.
Something hits you but does no damage.
You are poisoned.
Something bites you but does no damage.
You start resting.
* * * LOW HITPOINT WARNING * * *
You feel sick. Something hits you but does no damage.
Something bites you but does no damage.
* * * LOW HITPOINT WARNING * * *
You feel sick. Something hits you.
You die...

#..........# #.#
#......####### #.#
#............# #.#
#####......#####.#
########.#
....#......# #.#
#...))...#
###.######## #.#
#.######## #.# #.#
#.# #.# #.# #.#
#.# #@# #.# #.#
#.# #.# #.# #.#
#.# ###.#######
#.# #.#
........... #.#
#.# ###.#######
#.# #.# #.# #.#
#.# #.# #.# #.#
#.# #.# #.#


There were no monsters in sight!

Vanquished Creatures
  The ghost of Consumeair16 the Blocker, a novice GnFi (D:6)
  2 steam dragons
  A water moccasin (D:6)
  An ice beast (D:6)
  An orc warrior (D:7)
  A kobold brigand (Sewer)
  A bullfrog (D:6)
  3 scorpions
  A howler monkey (D:3)
  2 bombardier beetles
  2 hounds
  2 orc priests
  A sleepcap (D:5)
  An iguana (D:5)
  4 orc wizards
  11 gnolls
  2 river rats (Sewer)
  7 adders
  A shadow imp (D:6)
  A white imp (D:7)
  2 dart slugs
  3 ribbon worms
  22 orcs
  5 endoplasms
  5 giant cockroaches
  14 goblins
  15 hobgoblins
  7 jackals
  12 kobolds
  9 quokkas
  10 ball pythons
  4 bats
  6 frilled lizards
  8 rats
168 creatures vanquished.

Notes
Turn   | Place    | Note
-------+----------+-------------------------------------------
     0 | D:1      | Curundu the Minotaur Berserker began the quest for the Orb.
     0 | D:1      | Reached XP level 1. HP: 19/19 MP: 0/0
   147 | D:1      | Reached XP level 2. HP: 12/27 MP: 1/1
   232 | D:1      | Found a faded altar of an unknown god.
   340 | D:1      | Reached skill level 4 in Axes
   436 | D:1      | Reached XP level 3. HP: 23/33 MP: 2/2
   625 | D:1      | Reached ** piety under Trog
  1096 | D:2      | Reached XP level 4. HP: 41/41 MP: 3/3
  1942 | D:3      | Reached *** piety under Trog
  1943 | D:3      | Reached skill level 5 in Axes
  1975 | D:3      | Reached XP level 5. HP: 45/47 MP: 4/4
  2155 | D:3      | Found a bloodstained altar of Trog.
  2772 | D:4      | Found a glowing drain.
  2775 | Sewer    | Entered a sewer
  2870 | Sewer    | Reached skill level 5 in Fighting
  2870 | Sewer    | Reached skill level 6 in Axes
  2870 | Sewer    | Reached XP level 6. HP: 56/56 MP: 5/5
  2887 | Sewer    | Found a glowing silver altar of Zin.
  3518 | D:4      | Found a staircase to the Ecumenical Temple.
  3678 | D:4      | Reached skill level 1 in Shields
  3874 | D:5      | Entered Level 5 of the Dungeon
  3938 | D:5      | Reached XP level 7. HP: 60/61 MP: 6/6
  4048 | D:5      | Reached skill level 7 in Axes
  4172 | D:5      | Reached **** piety under Trog
  4914 | D:6      | Noticed a steam dragon
  4921 | D:6      | Killed a steam dragon
  4922 | D:6      | Reached skill level 5 in Armour
  4922 | D:6      | Reached XP level 8. HP: 64/70 MP: 7/7
  5046 | D:6      | Found a large runed translucent door.
  5046 | D:6      | Found a large runed translucent door.
  5051 | D:6      | Noticed Consumeair16's ghost (novice GnFi)
  5093 | D:6      | Reached skill level 8 in Axes
  5842 | D:6      | Killed Consumeair16's ghost
  5843 | D:6      | Reached skill level 9 in Axes
  5843 | D:6      | Reached skill level 5 in Dodging
  6006 | D:7      | Reached XP level 9. HP: 78/78 MP: 8/8
  6287 | D:7      | Noticed Maurice
  6311 | D:7      | Something stole 8 boomerangs
  6315 | D:7      | Something stole a ring of protection from cold
  6318 | D:7      | Something stole 362 gold
  6340 | D:7      | HP: 3/78 [poisoned by Maurice]
  6340 | D:7      | Slain by Maurice

Illustrated notes

Levels and vault maps discovered:
D:1:      saegor_arrival_simple_c, layout_loops_ring,
          nicolae_ecumenical_snake_handling, minmay_pentomino_o4
D:2:      layout_loops_ring, minmay_goblin_kobold_house
D:3:      cheibrodos_greedy_goblins, layout_loops_ring, lightli_temple_of_fire,
          reono_crystal_passage
D:4:      layout_loops_ring, minmay_temple_entry_glass,
          mainiacjoe_sewer_entry_somewhere_in_here_1,
          nicolae_concentric_dashed_squares_mild
D:5:      layout_loops_ring, eino_tiny_chamber
D:6:      layout_gridville, ebering_ghost_disaster_area
D:7:      layout_basic, ebering_ghost_gozag, uniq_maurice

Skill      XL: |  1  2  3  4  5  6  7  8 |
---------------+-------------------------+-----
Fighting       | 4 5 6 |  6.4
Axes           | 4 5 6 7 9 |  9.5
Dodging        | 3 4 5 |  5.7
Armour         | 3 4 5 6 |  6.7
Shields        | 1 3 4 |  4.8
Stealth        | |  0.3

Action                     |  1- 3 |  4- 6 |  7- 9 || total
---------------------------+-------+-------+-------++-------
  Melee: Hand axe          |    86 |   238 |    32 ||   356
         Headbutt          |     8 |    36 |    28 ||    72
         Broad axe         |       |       |   154 ||   154
         Punch             |       |       |     3 ||     3
 Invoke: Trog's Hand       |       |     2 |     5 ||     7
         Berserk           |       |       |     3 ||     3
    Use: Scroll            |       |    13 |     6 ||    19
   Stab: Sleeping          |     1 |       |       ||     1
 Armour: Animal skin       |    59 |       |       ||    59
         Plate armour      |       |   195 |   216 ||   411
  Dodge: Dodged            |    67 |    88 |    75 ||   230
